[Event "Sunway Sitges Chess Festival"]
[Date "2024.12.21"]
[White "Dudognon, Thibault"]
[Black "Zheng, Harry Z"]
[WhiteElo "2411"]
[BlackElo "2248"]
[Round "6.21"]
[Result "1/2-1/2"]
[TimeControl "40/5400+30:1800+30"]

1. e4 e5 2. Nf3 Nc6 3. Bb5 a6 4. Bxc6 dxc6 5. Nc3 Bd6 6. d4 Bg4 7. dxe5 Bxf3 8. Qxf3 Bxe5 9. Bf4 Bxf4 10. Qxf4 Nf6 11. Qe5+ Qe7 12. Qxe7+ Kxe7 13. Ke2 Rhe8 14. f3 h5 15. Rad1 Rad8 16. g3 Nd7 17. b3 Nc5 18. Ke3 Rd6 19. b4 Nd7 20. f4 Nb6 21. e5 Rdd8 22. Ke4 f6 23. Rxd8 Rxd8 24. Rd1 Nd7 25. exf6+ Nxf6+ 26. Kf5 Rxd1 27. Nxd1 Kf7 28. Ne3 g6+ 29. Ke5 Nd7+ 30. Kd4 Ke6 31. Nc4 Nf6 32. Ne3 Ne8 33. h3 b6 34. g4 hxg4 35. hxg4 Nf6 36. c4 Nd7 37. c5 a5 38. bxa5 bxc5+ 39. Kc4 Kd6 40. a6 Nb6+ 41. Kd3 Nc8 42. Nc4+ Kd5 43. a4 Na7 44. Ne3+ Kd6 45. Kc4 Nc8 46. a5 Na7 47. Nd1 Nb5 48. Nc3 Na7 49. Ne4+ Kd7 50. Kxc5 Nb5 51. Nd2 Kc8 52. Kxc6 Nd4+ 53. Kd5 Ne2 54. f5 gxf5 55. gxf5 Nf4+ 56. Kc6 Kb8 57. Nb3 Nh5 58. a7+ Kxa7 59. Kxc7 Ng7 60. f6 Ne8+ 61. Kc6 Nxf6 62. Kb5 Ne4 63. Ka4 Nd6 64. Nd4 Nc4 65. Nc6+ Kb7 66. Nb4 Nxa5 67. Kxa5 1/2-1/2

[Variant "Standard"]
[Site "Europe Echecs"]

[Event "Sunway Sitges Chess Festival"]
[Date "2024.12.21"]
[White "Shukhman, Anna"]
[Black "Dhruva Thota"]
[WhiteElo "2245"]
[BlackElo "2351"]
[Round "6.22"]
[Result "1-0"]
[TimeControl "40/5400+30:1800+30"]

1. e4 c5 2. Nf3 d6 3. d4 cxd4 4. Nxd4 Nf6 5. Nc3 a6 6. h3 e5 7. Nb3 Be7 8. g4 h6 9. Be3 Be6 10. Qf3 Nbd7 11. O-O-O Rc8 12. Nd5 Bxd5 13. exd5 Nh7 14. Bd3 Bg5 15. Bxh7 Rxh7 16. h4 Qf6 17. Qe2 Bxe3+ 18. Qxe3 Qg6 19. Qe2 h5 20. g5 Qf5 21. Kb1 Nf8 22. Nd4 Qf4 23. Rh3 Qg4 24. Rf3 Qd7 25. Qe4 Qg4 26. Nf5 Kd7 27. Qe3 Qc4 28. Qb3 Rc7 29. Rc3 Qxb3 30. Rxb3 b5 31. a4 g6 32. Ne3 bxa4 33. Ra3 f6 34. gxf6 Rf7 35. Rxa4 Ra7 36. f4 e4 37. Rxe4 Rxf6 38. Nc4 Rf7 39. Rde1 a5 40. Re6 Kc7 41. Rxd6 Ra8 42. Rc6+ Kd8 43. Nd6 Re7 44. Rxe7 Kxe7 45. Ne4 Rd8 46. c4 1-0

[Variant "Standard"]
[Site "Europe Echecs"]

[Event "Sunway Sitges Chess Festival"]
[Date "2024.12.21"]
[White "Alexiadis, Hristos"]
[Black "Allahverdiyeva, Ayan"]
[WhiteElo "2341"]
[BlackElo "2194"]
[Round "6.23"]
[Result "1-0"]
[TimeControl "40/5400+30:1800+30"]

1. e4 c5 2. Nf3 d6 3. d4 cxd4 4. Nxd4 Nf6 5. f3 e5 6. Nb3 d5 7. Bg5 d4 8. c3 Nc6 9. cxd4 Bb4+ 10. Bd2 Nxe4 11. Bxb4 Nxb4 12. Bb5+ Kf8 13. fxe4 Qh4+ 14. Kf1 Qf4+ 15. Qf3 Qxf3+ 16. gxf3 Nc2 17. dxe5 Be6 18. Nc3 Bxb3 19. Rc1 Bc4+ 20. Kf2 Bxb5 21. Nxb5 Nb4 22. Rhd1 g5 23. Rc7 Nc6 24. Rdd7 Nxe5 25. Re7 f6 26. Nd4 Nd3+ 27. Ke3 Nf4 28. Rf7+ 1-0

[Variant "Standard"]
[Site "Europe Echecs"]

[Event "Sunway Sitges Chess Festival"]
[Date "2024.12.21"]
[White "Banerjee, Supratit"]
[Black "Khusenkhojaev, Mustafokhuja"]
[WhiteElo "2116"]
[BlackElo "2339"]
[Round "6.24"]
[Result "1/2-1/2"]
[TimeControl "40/5400+30:1800+30"]

1. e4 e5 2. Nf3 Nc6 3. Nc3 Nf6 4. Nd5 d6 5. d4 Bg4 6. dxe5 dxe5 7. Bg5 Be7 8. Bb5 O-O 9. Bxc6 bxc6 10. Nxf6+ Bxf6 11. Qxd8 Rfxd8 12. Bxf6 gxf6 13. h3 Be6 14. Ke2 Rab8 15. b3 a5 16. g4 a4 17. Rad1 Rd6 18. Ke3 c5 19. g5 Kg7 20. Rdg1 c4 21. gxf6+ Kxf6 22. bxc4 Bxc4 23. Rg5 Be6 24. Rxe5 Rc6 25. Nd4 Rc3+ 26. Kf4 c5 27. Nxe6 fxe6 28. Rh5 Rxc2 29. Rh6+ Kg7 30. Rxe6 Rxf2+ 31. Ke5 Rxa2 32. Rd1 a3 33. Rd7+ Kg8 34. Ra7 c4 35. Ree7 Rg2 36. Rxa3 Rc8 37. Rc3 h5 38. Kd4 Rd2+ 39. Ke3 Rb2 40. Kd4 Rd2+ 41. Ke3 Rd1 42. Re5 h4 43. Rg5+ Kf7 44. Rg4 Ke6 45. Rxh4 Kd6 46. Rh5 Rc7 47. h4 Rh1 48. Kd4 Rd1+ 49. Ke3 Rc8 50. Rg5 Rc5 51. Rg6+ Ke5 52. Rg5+ Kd6 53. Rg6+ Ke7 54. Rg5 Rc8 55. h5 Rh1 56. Rd5 Ke6 57. Rg5 Re1+ 58. Kd4 Rd1+ 59. Ke3 Re1+ 60. Kd4 Rd8+ 61. Rd5 Rxe4+ 62. Kxe4 Rxd5 63. Rxc4 Rxh5 64. Rc6+ 1/2-1/2

[Variant "Standard"]
[Site "Europe Echecs"]

[Event "Sunway Sitges Chess Festival"]
[Date "2024.12.21"]
[White "Costache, Andrei Eugeniu"]
[Black "Naoum, Spyridon"]
[WhiteElo "2076"]
[BlackElo "2338"]
[Round "6.25"]
[Result "0-1"]
[TimeControl "40/5400+30:1800+30"]

1. e4 c5 2. Nf3 d6 3. d4 cxd4 4. Nxd4 Nf6 5. Nc3 Nc6 6. Be2 g6 7. Be3 Bg7 8. f3 O-O 9. g4 Qb6 10. Qd2 Nxg4 11. Nxc6 Nxe3 12. Nxe7+ Kh8 13. Na4 Ng2+ 14. Kf1 Ne3+ 15. Kg1 Qd8 16. Qxe3 Qxe7 17. h4 d5 18. Rd1 dxe4 19. Qxe4 Qc7 20. Kf2 Bf5 21. Qb4 a5 22. Qc5 Qf4 23. Nb6 Rad8 24. Nd5 Qe5 25. c4 Qxb2 26. Qxa5 Ra8 27. Qd2 Rxa2 28. Qxb2 Rxb2 29. Rhe1 Re8 30. Nc7 Rc8 31. Nb5 Be6 32. Nd6 Ra8 33. Rb1 Bd4+ 34. Kg2 Raa2 35. Rxb2 Rxb2 36. Kh1 Bf2 37.
Ra1 Rxe2 38. Ra8+ Kg7 39. Nxb7 Bxh4 40.
c5 Bd5 0-1

[Variant "Standard"]
[Site "Europe Echecs"]

[Event "Sunway Sitges Chess Festival"]
[Date "2024.12.21"]
[White "Paasikangas, Johanna"]
[Black "Shamatava, Nikolozi"]
[WhiteElo "2048"]
[BlackElo "2334"]
[Round "6.26"]
[Result "1/2-1/2"]
[TimeControl "40/5400+30:1800+30"]

1. d4 Nf6 2. c4 e6 3. g3 d5 4. Bg2 Be7 5. Nf3 O-O 6. O-O a5 7. Ne5 c6 8. Nc3
dxc4 9. a4 Na6 10. Nxc4 Nb4 11. e4 b6 12. Be3 Ba6 13. b3 Rc8 14. Qd2 Ng4 15. Bf4
e5 16. Bh3 exf4 17. Bxg4 fxg3 18. hxg3 Rb8 19. Rfe1 Re8 20. Rad1 Bf8 21. Kg2 Qc7
22. Qf4 Qb7 23. Bf3 Rbd8 24. e5 Qc7 25. Rh1 h6 26. Ne4 Nd5 27. Qh4 Bxc4 28. bxc4
Ne7 29. Bh5 Ng6 30. Qg4 Qd7 31. Qf3 Qe6 32. Bg4 Qxc4 33. e6 Nh8 34. Rxh6 gxh6
35. Nf6+ Kg7 36. Nh5+ Kg8 37. Nf6+ Kg7 38. Nh5+ Kg8 39. Nf6+ 1/2-1/2

[Variant "Standard"]
[Site "Europe Echecs"]

[Event "Sunway Sitges Chess Festival"]
[Date "2024.12.21"]
[White "Chanturia, Giorgi Mal"]
[Black "Alinasab, Mobina"]
[WhiteElo "2042"]
[BlackElo "2330"]
[Round "6.27"]
[Result "0-1"]
[TimeControl "40/5400+30:1800+30"]

1. e4 c5 2. Nf3 d6 3. d4 cxd4 4. Nxd4 Nf6 5. Nc3 a6 6. h3 e5 7. Nde2 h5 8. g3 b5 9. Bg2 Bb7 10. O-O Nbd7 11. a4 b4 12. Nd5 Nxd5 13. exd5 Be7 14. f4 O-O 15. fxe5 dxe5 16. d6 Bf6 17. Be3 Bxg2 18. Kxg2 Bg5 19. Bg1 Qc8 20. c3 Qc6+ 21. Kh2 Rab8 22. Rb1 b3 23. Nc1 h4 24. Bf2 Qxa4 25. Nd3 Qc4 26. Nb4 Nf6 27. gxh4 Bf4+ 28. Kg1 Rfd8 29. Ra1 Ne4 30. d7 Nd2 31. Nxa6 Ra8 32. Nc5 Rxa1 33. Qxa1 Qxf1+ 34. Qxf1 Nxf1 35. Kxf1 Bc1 36. Nd3 Rxd7 37. Ke2 Bh6 38. Be3 Bxe3 39. Kxe3 f6 40. Nc5 Rc7 41. Nxb3 Rb7 42. Na5 Rxb2 43. c4 Kf7 0-1

[Variant "Standard"]
[Site "Europe Echecs"]

[Event "Sunway Sitges Chess Festival"]
[Date "2024.12.21"]
[White "Koh, Ming Yao Gavin"]
[Black "Savitha Shri B"]
[WhiteElo "1995"]
[BlackElo "2329"]
[Round "6.28"]
[Result "1/2-1/2"]
[TimeControl "40/5400+30:1800+30"]

1. d4 Nf6 2. c4 g6 3. Nc3 Bg7 4. e4 d6 5. Be2 O-O 6. Be3 Nc6 7. d5 Ne5 8. f4 Neg4 9. Bd2 Nh6 10. h3 e6 11. dxe6 fxe6 12. g4 Nd7 13. Nf3 Nc5 14. Qc2 Bd7 15. O-O-O Bc6 16. Be3 Qe8 17. Nd4 Bd7 18. Ndb5 Na6 19. c5 dxc5 20. g5 Nf7 21. e5 Bc6 22. Rh2 Qe7 23. a3 Nb8 24. Ne4 Bxe4 25. Qxe4 Nc6 26. h4 Rfd8 27. h5 Rxd1+ 28. Bxd1 Nh8 29. hxg6 Nxg6 30. Rc2 Rd8 31. Rxc5 a6 32. Nc3 Rf8 33. Rc4 Qf7 34. Bc2 Rd8 35. Ne2 Ncxe5 36. Rd4 Nc6 37. Rxd8+ Nxd8 38. Bb3 Kh8 39. Nd4 Nf8 40. Kc2 c5 41. Nxe6 Ndxe6 42. f5 Qh5 43. f6 Qg6 44. Qxg6 hxg6 45. fxg7+ Kxg7 46. Bd5 b6 47. b4 Nc7 48. Bb7 Nfe6 49. bxc5 bxc5 50. Kb3 1/2-1/2

[Variant "Standard"]
[Site "Europe Echecs"]

[Event "Sunway Sitges Chess Festival"]
[Date "2024.12.21"]
[White "Safarov, Deniel"]
[Black "Mannion, Stephen R"]
[WhiteElo "2319"]
[BlackElo "2139"]
[Round "6.29"]
[Result "1/2-1/2"]
[TimeControl "40/5400+30:1800+30"]

1. e4 e5 2. Nf3 Nc6 3. Bb5 a6 4. Ba4 Nf6 5. O-O Be7 6. d3 b5 7. Bb3 d6 8. Bd2 O-O 9. h3 Bb7 10. Re1 Nb8 11. a4 c5 12. Nc3 b4 13. Ne2 Nc6 14. Ng3 Bc8 15. c3 Rb8 16. Be3 Na5 17. Bc2 bxc3 18. bxc3 Qc7 19. Nh2 d5 20. Bg5 dxe4 21. dxe4 h6 22. Bxf6 Bxf6 23. Ng4 Bg5 24. Nf5 Rd8 25. Qf3 Rb2 26. Re2 Nc4 27. Qg3 Bxf5 28. exf5 Bf4 29. Qh4 f6 30. g3 Nd2 31. Be4 Bg5 32. Qh5 Qb6 33. Rd1 Nf3+ 34. Bxf3 Rxd1+ 35. Kg2 Rd8 36. h4 Bc1 37. Rxb2 Bxb2 38. c4 Kf8 39. Qg6 Bd4 40. Qh7 a5 41. Kh3 Qb3 42. Nxf6 gxf6 43. Qxh6+ Ke8 44. Bc6+ Ke7 45. Qg7+ Kd6 46. Qxf6+ Kc7 47. Bb5 Qf3 48. Qe7+ Kc8 49. Ba6+ Kb8 50. Qxd8+ Ka7 51. Qc8 Bxf2 52. Qb7+ Qxb7 53. Bxb7 Kxb7 54. f6 Be3 55. Kg4 Kc7 56. Kf5 Kd6 57. Kg6 e4 1/2-1/2

[Variant "Standard"]
[Site "Europe Echecs"]

[Event "Sunway Sitges Chess Festival"]
[Date "2024.12.21"]
[White "Velten, Paul"]
[Black "Swara Lakshmi S Nair"]
[WhiteElo "2501"]
[BlackElo "1976"]
[Round "6.30"]
[Result "1-0"]
[TimeControl "40/5400+30:1800+30"]

1. Nf3 Nf6 2. c4 g6 3. Nc3 Bg7 4. e4 e5 5. Nxe5 O-O 6. Nf3 Re8 7. d3 d5 8. cxd5 Nxd5 9. Bd2 Nxc3 10. Bxc3 Bxc3+ 11. bxc3 f5 12. e5 c5 13. d4 Be6 14. Bb5 Nc6 15. O-O Bd5 16. dxc5 Rc8 17. Re1 Bxf3 18. Qxf3 Rxe5 19. Rxe5 Nxe5 20. Qxb7 Rxc5 21.
Be2 Rxc3 22. Qxa7 Rc7 23. Qe3 Re7 24. a4 Qa5 25. h3 Nc6 26. Qb3+ Kf8 27. Bf1 Nd4 28. Qb8+ Kg7 29. Qd6 Re4 30. Rb1 Qa7 31. Bd3 Re7 32. a5 f4 33. a6 f3 34. Qxe7+ Qxe7 35. Rb7 Qxb7 36. axb7 Nc6 37. Bb5 Nb8 38. g4 h5 39. g5 h4 40. Bd3 Kf7 41. Kf1 Nd7 42. Ke1 Ke7 43. Bxg6 Kd6 44. Be8 Nb8 45. g6 Kd5 1-0

[Variant "Standard"]
[Site "Europe Echecs"]

[Event "Sunway Sitges Chess Festival"]
[Date "2024.12.21"]
[White "Srijak Sengupta"]
[Black "Arkell, Keith C"]
[WhiteElo "2112"]
[BlackElo "2355"]
[Round "6.32"]
[Result "0-1"]
[TimeControl "40/5400+30:1800+30"]

1. Nf3 d6 2. g3 e5 3. d3 g6 4. Bg2 Bg7 5. O-O Ne7 6. c4 O-O 7. Nc3 c5 8. Ne1 Nbc6 9. Nc2 Rb8 10. Ne3 Nd4 11. Ned5 Nxd5 12. Nxd5 b5 13. e3 Nf5 14. b3 Ne7 15. Nxe7+ Qxe7 16. Bb2 a5 17. cxb5 Rxb5 18. Bc3 Be6 19. d4 cxd4 20. exd4 Qa7 21. Bc6 Rb6 22. d5 Bh3 23. Re1 Rxc6 24. dxc6 Qc5 25. Rc1 Qxc6 26. f3 Qb6+ 27. Kh1 Qf2 28. Rg1 Rc8 29. Be1 Qb6 30. Rxc8+ Bxc8 31. Rg2 Bb7 32. Qd3 d5 33. Rd2 d4 34. Rc2 Qe6 35. Bxa5 h5 36. Rc7 Bd5 37. Qb5 Bxf3+ 38. Kg1 Bh6 39. Qd7 Be3+ 40. Kf1 Qa6+ 41. Rc4 Qxa5 42. Qe8+ Kg7 43. b4 Qxa2 44. Qxe5+ Kh7 45. Qd6 0-1

[Variant "Standard"]
[Site "Europe Echecs"]

[Event "Sunway Sitges Chess Festival"]
[Date "2024.12.21"]
[White "Singh, Siddharth"]
[Black "Lacasa Diaz, Josep Anton"]
[WhiteElo "2107"]
[BlackElo "2324"]
[Round "6.33"]
[Result "1-0"]
[TimeControl "40/5400+30:1800+30"]

1. e4 c5 2. Nf3 d6 3. d4 cxd4 4. Nxd4 Nf6 5. Nc3 g6 6. Be3 Bg7 7. f3 O-O 8. Qd2 Nc6 9. O-O-O d5 10. exd5 Nxd5 11. Nxc6 bxc6 12. Bd4 e5 13. Bc5 Re8 14. Ne4 Qc7 15. h4 f5 16. Nd6 Rd8 17. Nxc8 Raxc8 18. h5 Nb6 19.
Bxb6 Rxd2 20. Bc4+ Kf8 21. Bxc7 Rxd1+ 22. Rxd1 Rxc7 23. hxg6 Bh6+ 24. Kb1 hxg6 25. Rd6 Kg7 26. b4 Bf4 27. Re6 Rb7 28. a3 a5 29. c3 a4 30. Kc2 Rd7 31. Bd3 Kf7 32. Rxc6 e4 33. fxe4 fxe4 34. Bxe4 Rd2+ 35. Kb1 Rd1+ 36. Kb2 Rd2+ 37. Bc2 Rxg2 38. b5 g5 39. b6 g4 40. b7 g3 41. Rc4 Bb8 42. Rc8 Rxc2+ 43. Kxc2 g2 44. Rxb8 g1=Q 45. Rf8+ Kxf8 46. b8=Q+ Ke7 47. Qe5+ Kd7 48. Qd4+ 1-0

[Variant "Standard"]
[Site "Europe Echecs"]

[Event "Sunway Sitges Chess Festival"]
[Date "2024.12.21"]
[White "Jaksland, Tim"]
[Black "Domingo Nunez, Alejandro"]
[WhiteElo "2107"]
[BlackElo "2318"]
[Round "6.34"]
[Result "1-0"]
[TimeControl "40/5400+30:1800+30"]

1. e4 c5 2. c3 Nf6 3. e5 Nd5 4. Bc4 Nb6 5. Bb3 Nc6 6. d4 cxd4 7. cxd4 d6 8. e6 fxe6 9. Nf3 g6 10. h4 Bg7 11. Nc3 d5 12. h5 Qd6 13. hxg6 e5 14. dxe5 Qxg6 15. Nxd5 Nxd5 16. Bxd5 Bg4 17. Qa4 Rd8 18. Be4 Qe6 19. Be3 Bxf3 20. Bxf3 O-O 21. Qh4 h6 22. Bxc6 bxc6 23. Bxh6 Qxe5+ 24. Be3 Qa5+ 25. Kf1 Qf5 26. Qc4+ Rf7 27. Rh4 Rd5 28. Re1 Bxb2 29. Qxc6 Rd2 30. Qa8+ Rf8 31. Qxf8+ Kxf8 32. Bxd2 Qd3+ 33. Re2 Bf6 34.
Rb4 a5 35. Rb3 Qh7 36. Rh3 Qb1+ 37.
Be1 a4 38. Rf3 Kg8 39. Rg3+ Kf7 40.
Rge3 Ke8 41. g3 Kd7 42. Kg2 Qb5 43. Re4 a3 44. Bb4 Qa6 45. Bxe7 Bb2 46. Bb4 Qa8 47. f3 Qg8 48. R4e3 Qc4 49. Rd2+ Kc6 50. Bxa3 1-0

[Variant "Standard"]
[Site "Europe Echecs"]

[Event "Sunway Sitges Chess Festival"]
[Date "2024.12.21"]
[White "Patrascu, Catalin-Lucian"]
[Black "Rechberger, Franz"]
[WhiteElo "2299"]
[BlackElo "2087"]
[Round "6.35"]
[Result "1/2-1/2"]
[TimeControl "40/5400+30:1800+30"]

1. e4 e5 2. Nf3 Nc6 3. Bb5 a6 4. Ba4 Nf6 5. O-O Be7 6. d3 b5 7. Bb3 d6 8. a3 Na5 9. Ba2 c5 10. Bg5 Be6 11. Nc3 O-O 12. b4 Nc6 13. Bxf6 Bxf6 14. Nd5 g6 15. c3 Bg7 16. Qd2 Ne7 17. Ne3 Qd7 18. a4 cxb4 19. cxb4 Bxa2 20. Qxa2 d5 21. Rfc1 Rac8 22. Rc5 Rxc5 23. bxc5 dxe4 24. dxe4 Qd3 25. axb5 axb5 26. Qa7 Nc6 27. Qc7 Nd4 28. Qb7 Qc3 29. Rb1 Qxc5 30. Nxd4 exd4 31. Rxb5 Qc8 32. Nf1 Qxb7 33. Rxb7 Rc8 34. Rd7 Kf8 35. f4 Ke8 36. Rd5 Ke7 37. e5 f6 1/2-1/2

[Variant "Standard"]
[Site "Europe Echecs"]

[Event "Sunway Sitges Chess Festival"]
[Date "2024.12.21"]
[White "Hu, Jiani"]
[Black "Karimov, Alisher"]
[WhiteElo "2101"]
[BlackElo "2296"]
[Round "6.36"]
[Result "0-1"]
[TimeControl "40/5400+30:1800+30"]

1. e4 c5 2. Nf3 Nc6 3. d4 cxd4 4. Nxd4 Nf6 5. Nc3 d6 6. Be2 e5 7. Nb3 a5 8. Be3 a4 9. Nd2 a3 10. Nc4 axb2 11. Rb1 Be7 12. O-O O-O 13. a4 Nb4 14. Nb6 Ra5 15. Nc4 Ra6 16. Rxb2 d5 17. Nxe5 Re6 18. f4 dxe4 19. Bc4 Rd6 20. Qe1 Nbd5 21. Nxd5 Nxd5 22. Bc5 Rh6 23. Bxe7 Qxe7 24. Rb5 Nf6 25. Qb4 Qxb4 26. Rxb4 Ne8 27. Rd1 Rd6 28. Rxd6 Nxd6 29. Bd5 Re8 30. Rb6 Rd8 31. Rb4 Kf8 32. Bxe4 Nxe4 33. Rxe4 Rd1+ 34. Kf2 Rd2+ 35. Re2 Rd4 36. Kf3 Rxa4 37. Nd3 Rc4 38. g3 h5 39. Ke3 Bg4 40. Rd2 Bf5 41. Re2 f6 42. Kd2 Kf7 43. Re1 Be4 44. Rb1 Kg6 45. Ke3 Bg2 46. Rb2 Bc6 47. Nb4 Bh1 48. Kd3 Rc7 49. c4 Rd7+ 50. Ke3 Kf5 51. Nd3 Re7+ 52. Kd2 Bc6 53. Nb4 Bf3 54. Kd3 Kg4 55. Nd5 Rd7 56. Ke3 Bh1 57. Kf2 Kh3 58. Kg1 Be4 59. Rb5 Bf3 60. Kf2 Bh1 61. Kg1 Be4 62. Ne3 g6 63. Nd5 Bxd5 64. Rxd5 Rc7 65. c5 Rc6 66. Rd6 Rxc5 67. Rxf6 Rc6 68. Rf7 Rc1+ 69. Kf2 Kxh2 70. f5 Rc2+ 71. Kf3 g5 72. Rh7 Rc3+ 73. Ke4 Kxg3 74. Rxh5 Kg4 75. Rh6 Rc4+ 76. Kd5 Rc8 77. Rf6 Re8 78. Rf7 b5 79. Kd6 b4 80. f6 Kf5 81. Kd7 Re6 0-1

[Variant "Standard"]
[Site "Europe Echecs"]

[Event "Sunway Sitges Chess Festival"]
[Date "2024.12.21"]
[White "Braun, Michael"]
[Black "Anand, Batsukh"]
[WhiteElo "2098"]
[BlackElo "2290"]
[Round "6.37"]
[Result "1/2-1/2"]
[TimeControl "40/5400+30:1800+30"]

1. d4 Nf6 2. c4 g6 3. g3 Bg7 4. Bg2 d6 5. Nc3 O-O 6. Nf3 c6 7. O-O Bf5 8. Re1 Ne4 9. Qb3 Qc7 10. Be3 Nxc3 11. Qxc3 Be4 12. Rac1 Nd7 13. Qd2 Rfe8 14. Bh6 Bxf3 15. Bxf3 e5 16. Bxg7 Kxg7 17. dxe5 dxe5 18. Red1 Nf6 19. Qc3 h5 20. h4 e4 21. Bg2 Re5 22. c5 Qe7 23. Rd6 Kh7 24. Rcd1 Rg8 25. f4 exf3 26. exf3 Nd5 27. Qd2 Re2 28. Qd3 Re8 29. Rd2 Re1+ 30. Kh2 Rc1 31. Qd4 Qe1 32. Rd7 Re7 33. Rd8 f6 34. b4 Kg7 35. a3 Rc4 36. Qf2 Qxf2 37. Rxf2 Rc3 38. f4 Ne3 39. Rfd2 Ng4+ 40. Kh3 Rxa3 41. R2d7 Re3 42. b5 Kf7 43. bxc6 bxc6 44. Bxc6 Rxd7 45. Rxd7+ Re7 46.
Bd5+ Ke8 47. c6 Rxd7 48. cxd7+ Kxd7 49.
Bf7 a5 50. Bxg6 a4 51. Bxh5 Nf2+ 52.
Kg2 Ke7 53. Be2 a3 54. Bc4 Ng4 55. Ba2 f5 56. Kf3 Kd6 57. Ke2 Nf6 58. Kd3 Nh5 59. Kc3 Nxg3 60. Bf7 Ne2+ 61. Kb3 Nxf4 62. Kxa3 Ke5 63. Kb2 Kd4 64. h5 Nd3+ 65. Kc2 Ne5 66. Be8 Nf3 67. h6 Ng5 68. Bg6 f4 69. h7 Nxh7 70. Bxh7 f3 71. Bd3 Ke3 72. Bb5 Kf2 73. Bc6 Kg3 74. Bxf3 1/2-1/2

[Variant "Standard"]
[Site "Europe Echecs"]

[Event "Sunway Sitges Chess Festival"]
[Date "2024.12.21"]
[White "Rindhiya V"]
[Black "Ekam Singh"]
[WhiteElo "2007"]
[BlackElo "1680"]
[Round "6.38"]
[Result "1-0"]
[TimeControl "40/5400+30:1800+30"]

1. e4 c5 2. Nf3 d6 3. d4 cxd4 4. Nxd4 Nf6 5. Nc3 a6 6. Be3 e5 7. Nb3 Be6 8. f3 h5 9. Qd2 Nbd7 10. Nd5 Bxd5 11. exd5 Qc7 12. c4 a5 13. a4 g6 14. Be2 Bg7 15. O-O O-O 16. Rac1 b6 17. Kh1 Rae8 18. Bd3 Kh7 19. Be2 Nc5 20. Nxc5 bxc5 21. Rce1 Qb6 22. Qc2 Rb8 23. Rb1 Qb3 24. Qxb3 Rxb3 25. Bd2 Rfb8 26. Bc3 e4 27. Rbe1 Nd7 28. Bxa5 exf3 29. Bxf3 Ra8 30. Bc7 Ne5 31. Bxd6 Nxf3 32. Rxf3 Rxf3 33. gxf3 Rxa4 34. b3 Ra3 35. Rb1 Bd4 36. Bc7 Ra2 37. Re1 Rd2 38. d6 Bf6 39. Re8 h4 40. h3 Kg7 41. Kg1 Bg5 42. Re4 Bf6 43. Kf1 g5 44. Re3 Bd4 45. Re7 Bf6 46. Re8 Kg6 47. Rb8 Be5 48. Rb5 f6 49. Rxc5 Bxd6 50. Bxd6 Rxd6 51. Ke2 Ra6 52. b4 Ra2+ 53. Ke3 Rb2 54. b5 Rb3+ 55. Ke4 Rb1 56. Rc6 Re1+ 57. Kd5 Kf5 58. b6 Rb1 59. c5 Rd1+ 60. Kc4 Rc1+ 61. Kd3 Rb1 62. Rc7 Kf4 63. b7 Kxf3 64. c6 g4 65. hxg4 h3 66. Rh7 Kg2 67. Rxh3 Kxh3 68. c7 Rxb7 69. c8=Q Rb3+ 70. Kc2 Rg3 71. g5+ Kh4 72. gxf6 1-0

[Variant "Standard"]
[Site "Europe Echecs"]

[Event "Sunway Sitges Chess Festival"]
[Date "2024.12.21"]
[White "Dolas, Aarush"]
[Black "Gupta, Anand"]
[WhiteElo "2014"]
[BlackElo "1792"]
[Round "6.39"]
[Result "0-1"]
[TimeControl "40/5400+30:1800+30"]

1. e4 c6 2. d3 d5 3. Nd2 e5 4. Ngf3 Bd6 5. g3 Nf6 6. Bg2 O-O 7. O-O Re8 8. Re1 Nbd7 9. a3 a5 10. c3 Nc5 11. Qc2 dxe4 12. Nxe4 Nfxe4 13. dxe4 Be6 14. b4 Nb3 15. Rb1 a4 16. Be3 Qc7 17. Nd2 c5 18. Nxb3 axb3 19. Qb2 c4 20. Ra1 b5 21. Red1 Ra6 22. Qe2 Rea8 23. Bc1 Be7 24. Bb2 Rd8 25. Rxd8+ Qxd8 26. Rd1 Rd6 27. Rxd6 Qxd6 28. h4 g5 29. hxg5 Bxg5 30. Bf3 Qd3 31. Kg2 Bd7 32. Qe1 Bc6 33. Bc1 h6 34. a4 bxa4 35. b5 Bxb5 36. Bxg5 hxg5 37. Qc1 Qd8 38. Bg4 Qe7 39. Bf5 a3 40. Qh1 f6 41. Qh5 Be8 42. Qd1 b2 43. Qd5+ Kg7 44. Qd1 a2 45. Qh1 Bg6 46. Bxg6 Kxg6 47. Qh8 Qf7 48. f4 exf4 49. gxf4 gxf4 50. e5 Qd5+ 51. Kh2 Qd2+ 52. Kh3 Qe3+ 53. Kg2 Qg3+ 54. Kf1 b1=Q+ 55. Ke2 Qbd3# 0-1

[Variant "Standard"]
[Site "Europe Echecs"]

[Event "Sunway Sitges Chess Festival"]
[Date "2024.12.21"]
[White "Koudounis, Vasileios"]
[Black "Wang, Lachlan"]
[WhiteElo "2190"]
[BlackElo "1848"]
[Round "6.40"]
[Result "0-1"]
[TimeControl "40/5400+30:1800+30"]

1. d4 Nf6 2. Nf3 g6 3. Bg5 Bg7 4. c3 d6 5. Nbd2 O-O 6. e4 c5 7. dxc5 dxc5 8. Be2 Nc6 9. O-O Qc7 10. Qc2 b6 11. Nc4 Be6 12. Rfe1 Rfd8 13. Bh4 h6 14. Bg3 Qb7 15. Nfd2 Rac8 16. a4 a6 17. a5 Nxa5 18. Nxa5 bxa5 19. Rxa5 c4 20. Rea1 Rc6 21. Bf4 g5 22. Be5 Nd7 23. Bd4 Rb8 24. R1a2 Rbc8 25. Nf3 g4 26. Bxg7 gxf3 27. Bxf3 Kxg7 28. e5 Qb3 29. Qb1 Rc5 30. Rxa6 Nxe5 31. Be4 Rd8 32. Bc2 Qb5 33. Be4 Nd3 34. Qd1 Qb8 35. Ra8 Qd6 36. Qd2 Rxa8 37. Rxa8 Qf4 0-1

[Variant "Standard"]
[Site "Europe Echecs"]

[Event "Sunway Sitges Chess Festival"]
[Date "2024.12.21"]
[White "Schulman, Julia"]
[Black "Badenhorst, Chloe"]
[WhiteElo "1852"]
[BlackElo "1970"]
[Round "6.41"]
[Result "0-1"]
[TimeControl "40/5400+30:1800+30"]

1. e4 c6 2. d4 d5 3. Nc3 dxe4 4. Nxe4 Nf6 5. Nxf6+ exf6 6. Be3 Bd6 7. Bd3 Nd7 8. Ne2 f5 9. O-O Nf6 10. h3 O-O 11. c4 Be6 12. Qc2 Qd7 13. Rad1 Rac8 14. b3 b5 15. Bf4 bxc4 16. bxc4 Bxf4 17. Nxf4 Qxd4 18. Nxe6 fxe6 19. Bxf5 Qe5 20. Bd3 Qc5 21. Rd2 e5 22. Re2 Rce8 23. Rfe1 Re7 24. Be4 Ref7 25. Rf1 Rd7 26. Bf5 Rd4 27. Be6+ Kh8 28. Rd1 Rfd8 29. Rxd4 exd4 30. Qd3 Qd6 31.
Bf5 g6 32. Re6 Qf8 33. Bg4 c5 34. Bf3 Qf7 35. Re5 Nd7 36. Rd5 Re8 37. Qd2 Qe7 38. Qf4 Nb6 39. Rg5 Rf8 40. Qg3 Qe1+ 41. Kh2 Nxc4 42. Rxc5 Nd2 43. Qe5+ Qxe5+ 44. Rxe5 Nxf3+ 45. gxf3 Rxf3 46.
Kg2 Ra3 47. Rd5 d3 48. Rd7 Kg8 49. Kf1 h6 50. h4 a5 51. Ke1 a4 52. f4 Rxa2 53. Rxd3 Kf7 54. Rd6 a3 55. Ra6 Rh2 56. Rxa3 Rxh4 57. Rf3 Kf6 58. Kf2 Kf5 59. Ke3 h5 60. Rf1 Rh3+ 61. Ke2 Ke4 62. Rg1 Rh2+ 63. Kf1 Kf5 64. Rg5+ Kf6 65. Ra5 Rh4 66. Ra6+ Kf5 67. Ra5+ Kxf4 68. Kg2 Rg4+ 69. Kh3 Rg3+ 70. Kh4 Re3 71. Ra4+ Re4 72. Ra5 Re5 73. Ra4+ Kf5 74. Ra8 Re4+ 75. Kg3 g5 76. Rf8+ Ke5 77. Re8+ Kd4 78. Rd8+ Ke3 79. Rg8 Rg4+ 80. Kh2 Kf2 0-1

[Variant "Standard"]
[Site "Europe Echecs"]

[Event "Sunway Sitges Chess Festival"]
[Date "2024.12.21"]
[White "Schmitt, Carsten"]
[Black "Koridze, Lile"]
[WhiteElo "1976"]
[BlackElo "2107"]
[Round "6.42"]
[Result "0-1"]
[TimeControl "40/5400+30:1800+30"]

1. c4 e5 2. g3 Nc6 3. Bg2 Nf6 4. Nc3 a5 5. a3 Bc5 6. e3 O-O 7. Nge2 Re8 8. O-O d6 9. d4 exd4 10. exd4 Bb6 11. Be3 Bg4 12. h3 Bd7 13. Qd2 h6 14. Rae1 Ne7 15. g4 c6 16. g5 hxg5 17. Bxg5 Nh7 18. Bf4 Nf5 19. c5 dxc5 20. dxc5 Bxc5 21. Ne4 Bb6 22. Rd1 Be6 23. Qc3 Qh4 24. N4g3 Nxg3 25. Bxg3 Qh6 26. Nf4 Bf5 27. Nd3 Bxh3 28. Bxh3 Qxh3 29. Ne5 Ng5 30. Rd7 Rxe5 0-1

[Variant "Standard"]
[Site "Europe Echecs"]

[Event "Sunway Sitges Chess Festival"]
[Date "2024.12.21"]
[White "Liu, Xiangyi"]
[Black "Nalbandyan, Vahan"]
[WhiteElo "2372"]
[BlackElo "2197"]
[Round "6.43"]
[Result "1-0"]
[TimeControl "40/5400+30:1800+30"]

1. Nf3 Nf6 2. d4 e6 3. g3 d5 4. Bg2 Be7 5. O-O O-O 6. c4 dxc4 7. Ne5 Nc6 8. Nxc6 bxc6 9. Na3 Bxa3 10. bxa3 Rb8 11. Qd2 Nd5 12. a4 Qe7 13. e4 Nb4 14. Qc3 c5 15. dxc5 Qxc5 16. Be3 Qa5 17. a3 Nc6 18. Qxc4 Ne5 19. Qd4 Ba6 20. Rfc1 Nd3 21. Rc6 Bb7 22. Qc3 Qxc3 23. Rxc3 Nb2 24. Rxc7 Ba6 25. Rxa7 Bd3 26. e5 Rfd8 27. Bc5 Nc4 28. a5 Rb5 29. Bb4 Rxe5 30. a6 Red5 31. Rb7 Ne5 32. a7 Nc6 33. Rc1 Ba6 34. Bxd5 1-0

[Variant "Standard"]
[Site "Europe Echecs"]